 Seeded DCSS version 0.29.1-15-g9cfb28693d (webtiles) character file.

Game seed: 16245865983455551772 (custom seed)

24 Darius099 the Sneak (level 3, 24/24 HPs)
             Began as an Octopode Brigand on Mar 8, 2023.
             Got out of the dungeon alive.
             The game lasted 00:01:12 (1196 turns).

Darius099 the Sneak (Octopode Brigand)              Turns: 1196, Time: 00:01:13

Health: 24/24      AC:  1    Str: 10    XL:     3   Next: 2%
Magic:  3/3        EV: 13    Int: 25    God:
Gold:   2883       SH:  0    Dex: 15    Spells: 2/2 levels left

rFire   . . .      SeeInvis .   a - +2 dagger
rCold   . . .      Faith    .   (no shield)
rNeg    . . .      Spirit   .   (helmet restricted)
rPois   .          Reflect  .   (no amulet)
rElec   .          Harm     .   h - +6 ring of intelligence
rCorr   .          Rampage  .   i - +6 ring of intelligence
Will    .....                   (no ring)
Stlth   ++++......              (no ring)
HPRegen 0.08/turn               (no ring)
MPRegen 0.08/turn               (no ring)
                                (no ring)
                                (no ring)

@: no status effects
A: almost no armour, amphibious, 8 rings, camouflage 1, gelatinous body 1,
(nimble swimmer 1), tentacles
a: no special abilities


You escaped.
You visited 1 branch of the dungeon, and saw 1 of its levels.

You collected 2883 gold pieces.

Inventory:

Hand Weapons
 a - a +2 dagger (weapon)
Missiles
 b - 11 poisoned darts (quivered)
 c - 3 curare-tipped darts
Jewellery
 h - a +6 ring of intelligence (left tentacle)
 i - a +6 ring of intelligence (right tentacle)
Scrolls
 g - a scroll of teleportation {unknown}
Potions
 e - a potion of might {unknown}
 f - 2 potions of flight {unknown}


   Skills:
 - Level 2.0 Fighting
 + Level 2.5 Short Blades
 - Level 2.0 Throwing
 + Level 1.8 Dodging
 + Level 5.8 Stealth


You had 2 spell levels left.
You didn't know any spells.
Your spell library was empty.

Dungeon Overview and Level Annotations

Branches:
Dungeon (1/15)

Altars:


Innate Abilities, Weirdness & Mutations

You cannot wear most types of armour.
You are amphibious.
You can wear up to eight rings at the same time.
Your skin changes colour to match your surroundings (Stealth+).
Your rubbery body absorbs attacks. (AC +1, EV +1)
((You are camouflaged when in or above water. (Stealth+)))
You have tentacles for arms and can constrict up to eight enemies at once.


Message History

No target in view!
Unknown command.
No target in view!
Unknown command.
No target in view!
Unknown command.
No target in view!
Unknown command.
Done exploring.
Unknown command.
Done exploring.
Unknown command.
Done exploring.
Unknown command.
Done exploring.
Unknown command.
Done exploring.
Unknown command.
No target in view!
Unknown command.
No target in view!
Unknown command.
No target in view!
Unknown command.
No target in view!
Unknown command.
No target in view!
This is a scroll of acquirement!
Something appears before you! Something appears before you!
Something appears before you!
You now have 2883 gold pieces (gained 2843).
Done exploring.
Done exploring.
There is an open door here.
You open the door.
There is an open door here.
There is a staircase leading out of the dungeon here.
Are you sure you want to leave the Dungeon?
This will make you lose the game!
You have escaped!

#.##.###..##.........###....
#.##..################ #####
#.###..# #......# #####
##### ##### # #####..# #...#
#...# #...# # #.## #.♣.#
#...# #.>.# # #.##
#...###...###...### #..#
#.................. #.##
#.@................ #.#
#...).............. #.#
#...###...###...### #.#
#.♣.# #...# #.>.# # #.#
#...# #...# #...# # #.##
##### ##### ##### # #..#
#### ### #.#


There were no monsters in sight!

Vanquished Creatures
  2 ball pythons (D:1)
  A bat (D:1)
  4 endoplasms (D:1)
  2 goblins (D:1)
  3 hobgoblins (D:1)
  2 kobolds (D:1)
  3 quokkas (D:1)
  A frilled lizard (D:1)
  A rat (D:1)
19 creatures vanquished.

Notes
Turn   | Place    | Note
-------+----------+-------------------------------------------
     0 | D:1      | Darius099 the Octopode Brigand began the quest for the Orb.
     0 | D:1      | Reached XP level 1. HP: 14/14 MP: 1/1
   233 | D:1      | Reached XP level 2. HP: 19/19 MP: 2/2
   298 | D:1      | Found a faded altar of an unknown god.
  1018 | D:1      | Reached XP level 3. HP: 24/24 MP: 3/3
  1084 | D:1      | Identified 3 scrolls of acquirement
  1084 | D:1      | Acquired 1156 gold pieces
  1085 | D:1      | Acquired 948 gold pieces
  1086 | D:1      | Acquired 739 gold pieces
  1196 | D:$      | Got out of the dungeon alive.

Illustrated notes

Levels and vault maps discovered:
D:1:      minmay_arrival_hallway, layout_loops_corners, basic_ecumenical_altar,
          minmay_unequal

Action                   || total
-------------------------++-------
Melee: Dagger            ||    34
       Tentacles         ||     5
       Constrict         ||     5
  Use: Scroll            ||     3
 Stab: Sleeping          ||    10
Dodge: Dodged            ||    14
